 Dungeon Crawl Stone Soup version 0.23.2-1-ga50397a (webtiles) character file.

Game seed: 8808891129794530983

44 philosaur the Charlatan (level 3, -5/26 HPs)
             Began as a Human Artificer on Apr 17, 2019.
             Slain by Terence
             ... wielding a +4 flail of protection
              (14 damage)
             ... on level 1 of the Dungeon.
             The game lasted 00:16:15 (1199 turns).

philosaur the Charlatan (Human Artificer)           Turns: 1199, Time: 00:16:16

Health: -5/26      AC:  5    Str: 12    XL:     3   Next: 85%
Magic:  5/5        EV: 11    Int: 12    God:
Gold:   60         SH:  0    Dex: 17    Spells: 1/2 levels left

rFire    . . .     SeeInvis .   a - +1 short sword
rCold    . . .     Gourm    .   (no shield)
rNeg     . . .     Faith    .   r - +0 ring mail
rPois    .         Spirit   .   n - +0 hat
rElec    .         Reflect  .   (no cloak)
rCorr    .         Harm     .   (no gloves)
MR       .....                  (no boots)
Stlth    +.........             (no amulet)
HPRegen  0.08/turn              m - +4 ring of dexterity
MPRegen  0.09/turn              (no ring)

@: no status effects
A: no striking features
a: no special abilities


You were on level 1 of the Dungeon.
You were hungry.

You visited 1 branch of the dungeon, and saw 2 of its levels.

You collected 60 gold pieces.

Inventory:

Hand Weapons
 a - a +1 short sword (weapon)
Missiles
 g - 13 sling bullets
 i - 15 arrows
 j - 42 stones (quivered)
 o - 9 bolts
Armour
 b - a +0 leather armour
 n - a +0 hat (worn)
 r - a +0 ring mail (worn)
Jewellery
 m - a +4 ring of dexterity (left hand)
Wands
 c - a wand of flame (5)
 d - a wand of enslavement (9)
 e - a wand of random effects (13)
Scrolls
 k - 3 scrolls of identify
 l - a scroll of remove curse
 p - a scroll of noise
 t - a scroll of fog {unknown}
Potions
 h - a potion of brilliance
 s - a potion of mutation {unknown}
Comestibles
 f - 5 rations


   Skills:
 + Level 1.1 Fighting
 + Level 1.4 Short Blades
 + Level 1.2 Armour
 + Level 2.6 Dodging
 + Level 1.1 Stealth
 + Level 3.5 Evocations


You had one spell level left.
You knew the following spells:

 Your Spells              Type           Power        Failure   Level  Hunger
a - Magic Dart            Conj           #...         58%         1    ##.....

Your spell library contained the following spells:

 Spells                   Type           Power        Failure   Level  Hunger
 Blink                    Tloc           N/A          75%         2    ###....
 Call Imp                 Summ           #.......     75%         2    ###....
 Slow                     Hex            #.......     75%         2    ###....
 Conjure Flame            Conj/Fire      #.......     92%         3    ####...
 Mephitic Cloud           Conj/Pois/Air  #.......     92%         3    ####...


Dungeon Overview and Level Annotations

Branches:
Dungeon (2/15)

Altars:

Annotations:
D:1 Terence


Message History

Aim: Terence, wielding a +4 flail of protection and wearing a +0 scale mail (moderately wounded)
The puff of flame hits Terence but does no damage.
Terence is moderately wounded.
Aiming: Throw Flame
Press: ? - help, Shift-Dir - straight line, f/p - Terence
Aim: Terence, wielding a +4 flail of protection and wearing a +0 scale mail (moderately wounded)
The puff of flame hits Terence!
Terence is severely wounded.
Terence closely misses you.
You closely miss Terence.
Terence is severely wounded.
Terence hits you with a +4 flail of protection.
Aiming: Throw Flame
Press: ? - help, Shift-Dir - straight line, f/p - Terence
Aim: Terence, wielding a +4 flail of protection and wearing a +0 scale mail (severely wounded)
The puff of flame hits Terence.
Terence is almost dead.
Terence hits you with a +4 flail of protection!
Ouch! That really hurt!
You die...

.##.######.....<.........###.# #.
.........#..............## #.# ##
.........#...⌠...⌠...#..# #.#
.........#..........##...# #.##
.........#.#........##.#..##..###
#####....@.####.###.##.##.###.#.>
# #.###### #.###.##.##..##.#.. #
#.# #.@......# #.#..... #####.#
##@......###......# ..##..#
#........##..##..# #..#.##
########..≈≈≈...##..##..#
##.#.####...)≈≈≈≈≈≈.........##..#
##.........≈≈≈≈..≈.......##.##..#
###.######≈≈≈...####.###.##......
#...### ##≈###......# #.........
......# ### ##...#.# #####..##.
......# ##.#...######...###


You could see Terence.

Vanquished Creatures
  A gnoll (D:1)
  An adder (D:2)
  A worm (D:2)
  A dart slug (D:1)
  A leopard gecko (D:2)
  3 goblins (D:1)
  3 hobgoblins (D:1)
  3 jackals (D:2)
  A kobold (D:2)
  2 bats
  A frilled lizard (D:1)
18 creatures vanquished.

Vanquished Creatures (collateral kills)
  A frilled lizard (D:1)
  A rat (D:1)
2 creatures vanquished.

Vanquished Creatures (others)
  A jackal (D:2)
1 creature vanquished.

Grand Total: 21 creatures vanquished

Notes
Turn   | Place    | Note
-------+----------+-------------------------------------------
     0 | D:1      | philosaur the Human Artificer began the quest for the Orb.
     0 | D:1      | Reached XP level 1. HP: 15/15 MP: 3/3
   228 | D:1      | Reached XP level 2. HP: 6/21 MP: 4/4
   395 | D:1      | Reached XP level 3. HP: 23/26 MP: 5/5
   773 | D:2      | Learned a level 1 spell: Magic Dart
  1052 | D:2      | Noticed Terence
  1066 | D:2      | Reached skill level 1 in Armour
  1199 | D:1      | Slain by Terence

Skill      XL: |  1  2  3 |
---------------+----------+-----
Armour         | 1 |  1.2
Fighting       | |  1.1
Short Blades   | |  1.4
Dodging        | |  2.6
Stealth        | |  1.1
Evocations     | |  3.5

Action                   || total
-------------------------++-------
Melee: Short sword       ||    70
 Cast: Magic Dart        ||     1
Evoke: Wand              ||    18
  Use: Scroll            ||     5
       Potion            ||     3
Armor: Leather armour    ||     2
       Ring mail         ||    12
Dodge: Dodged            ||    45
